 Dungeon Crawl Stone Soup version 0.23.2 (webtiles) character file.

Game seed: 18032397091725722113

515 Kairos the Poker (level 7, 0/55 HPs)
             Began as a Formicid Abyssal Knight on Apr 12, 2019.
             Was a Believer of Lugonu.
             Shot with an arrow by a centaur (7 damage)
             ... on level 6 of the Dungeon.
             The game lasted 00:06:03 (5056 turns).

Kairos the Poker (Formicid Abyssal Knight)          Turns: 5056, Time: 00:06:04

Health: 0/55       AC:  8    Str: 19    XL:     7   Next: 44%
Magic:  8/8        EV: 12    Int: 13    God:    Lugonu [**....]
Gold:   230        SH:  0    Dex: 18    Spells: 4/6 levels left

rFire    . . .     SeeInvis +   a - +1 spear
rCold    + . .     Gourm    .   (no shield)
rNeg     . . .     Faith    .   A - +0 robe of Charity {+Blink +Inv MR- Dex+5}
rPois    .         Spirit   .   (helmet unavailable)
rElec    .         Reflect  .   (no cloak)
rCorr    .         Harm     .   g - +2 pair of gloves {Dex+3}
MR       .....                  f - +2 pair of boots {Stlth+}
Stlth    +++.......             (no amulet)
HPRegen  0.18/turn              s - ring of protection from magic
MPRegen  0.11/turn              w - ring of protection from cold

@: no status effects
A: permanent stasis, dig shafts and tunnels, four strong arms, antennae 3,
clever 1, wild magic 1
a: Dig, Shaft Self, Depart the Abyss, Bend Space, Renounce Religion, Evoke
Invisibility


You were on level 6 of the Dungeon.
You worshipped Lugonu.
Lugonu was pleased with you.
You were very hungry.

You visited 1 branch of the dungeon, and saw 6 of its levels.
You visited the Abyss 1 time.

You collected 230 gold pieces.

Inventory:

Hand Weapons
 a - a +1 spear (weapon)
 e - a +0 hand crossbow
Missiles
 y - 5 tomahawks (quivered)
Armour
 b - a +0 leather armour
 f - a +2 pair of boots of stealth (worn)
 g - a +2 pair of gloves of dexterity (worn)
 j - a +1 ring mail
 r - a +1 chain mail
 A - the +0 robe of Charity (worn) {+Blink +Inv MR- Dex+5}
   (You found it on level 5 of the Dungeon)

   It affects your dexterity (+5).
   It affects your resistance to hostile enchantments.
   It lets you turn invisible.
   It lets you blink.
Jewellery
 s - a ring of protection from magic (left hand)
 w - a ring of protection from cold (right hand)
 x - an uncursed ring of fire
Wands
 u - a wand of random effects (9)
 C - a wand of clouds (5)
Scrolls
 k - a scroll of teleportation
 n - 2 scrolls of identify {unknown}
 v - 4 scrolls of remove curse {unknown}
 z - 2 scrolls of amnesia
 E - a scroll of enchant armour
Potions
 d - a potion of ambrosia {unknown}
 h - 2 potions of mutation
 i - a potion of might {unknown}
 l - a potion of cancellation {unknown}
 m - 6 potions of curing
 o - a potion of brilliance {unknown}
 p - 2 potions of heal wounds {unknown}
 q - a potion of flight
 t - 2 potions of haste {unknown}
 B - a potion of lignification {unknown}
 D - a potion of invisibility {unknown}
Comestibles
 c - 10 rations


   Skills:
 + Level 4.8 Fighting
 + Level 5.4 Polearms
 + Level 3.9 Armour
 + Level 1.7 Dodging
 + Level 2.5 Stealth
 + Level 2.1 Invocations


You had 4 spell levels left.
You knew the following spells:

 Your Spells              Type           Power        Failure   Level  Hunger
a - Call Imp              Summ           #.......     52%         2    ###....

Your spell library contained the following spells:

 Spells                   Type           Power        Failure   Level  Hunger
 Magic Dart               Conj           #...         38%         1    ##.....
 Slow                     Hex            #.......     52%         2    ###....
 Conjure Flame            Conj/Fire      #.......     75%         3    ####...
 Mephitic Cloud           Conj/Pois/Air  #.......     75%         3    ####...
 Blink                    Tloc           Unusable     N/A         2    N/A

Dungeon Overview and Level Annotations

Branches:
Dungeon (6/15)
 Temple: D:4-7

Altars:
Kikubaaqudgha
Okawaru
Uskayaw
Xom
Yredelemnul

Annotations:
D:6 Pikel


Innate Abilities, Weirdness & Mutations

You cannot be hasted, slowed, berserked, paralysed or teleported.
You can dig through walls and to a lower floor.
Your four strong arms can wield two-handed weapons with a shield.
You have a pair of large antennae on your head. (SInv)
Your mind is acute. (Int +2)
Your spells are a little harder to cast, but a little more powerful.


Message History

The arrow hits you!
You see here an arrow.
The centaur shoots an arrow.
The arrow hits you!
The orc wizard casts a spell.
The orc wizard blinks!
You see here an arrow.
The centaur shoots an arrow.
The arrow misses you.
The centaur shoots an arrow.
The arrow hits you.
The centaur shoots an arrow.
The arrow hits you.
* * * LOW HITPOINT WARNING * * *
You see here an arrow.
The centaur shoots an arrow.
The arrow hits you.
* * * LOW HITPOINT WARNING * * *
You see here an arrow.
The centaur shoots an arrow.
The arrow hits you.
* * * LOW HITPOINT WARNING * * *
You see here an arrow.
The centaur shoots an arrow.
The arrow barely misses you.
The centaur shoots an arrow.
The arrow hits you!
You die...

#.......(.....#
#.............#
........Kc.(...#
.............(..##
..........o......####
.............(.....#
........8...p..(8.#
...........(.....#
###+#.8...@...8.#
#.....)(...)#
#.8..._...8.#
+....###....#
#.........#.#
#<.......##.#
#.......... #
#.......### +.......#


You could see Pikel, a slave, a centaur and an orc wizard.

Vanquished Creatures
  A sky beast (D:5)
  A howler monkey (D:5)
  A bullfrog zombie (D:5)
  3 hounds (D:5)
  An orc priest (D:4)
  An orc wizard (D:4)
  An iguana (D:4)
  A hound skeleton (D:5)
  A worker ant zombie (D:5)
  4 adders
  2 oozes
  3 adder skeletons
  4 worms
  3 dart slugs
  2 leopard geckos
  8 orcs
  3 bats (D:2)
  2 bat zombies (D:3)
  4 giant cockroaches
  8 goblins
  7 hobgoblins
  7 jackals
  3 kobolds
  2 quokkas (D:4)
  A ball python (D:1)
  4 frilled lizards
  A quokka skeleton (D:4)
  A quokka zombie (D:5)
  9 rats
  3 rat zombies (D:3)
92 creatures vanquished.

Notes
Turn   | Place    | Note
-------+----------+-------------------------------------------
     0 | Abyss:1  | Kairos the Formicid Abyssal Knight began the quest for the
                  | Orb.
     0 | Abyss:1  | Reached XP level 1. HP: 18/18 MP: 2/2
   172 | Abyss:2  | Noticed an iron imp
   189 | Abyss:2  | Noticed a chaos spawn
   191 | Abyss:2  | Noticed a large abomination
   197 | Abyss:2  | Noticed an earth elemental
   210 | Abyss:2  | Found a corrupted altar of Lugonu.
   216 | Abyss:2  | Noticed a sixfirhy
   218 | Abyss:2  | Noticed a wretched star
   219 | D:1      | Escaped the Abyss
   357 | D:1      | Reached XP level 2. HP: 18/25 MP: 3/3
   411 | D:1      | Reached * piety under Lugonu
   636 | D:1      | Reached XP level 3. HP: 28/30 MP: 4/4
  1052 | D:2      | Reached skill level 1 in Stealth
  1219 | D:2      | Reached skill level 1 in Dodging
  1276 | D:2      | Reached XP level 4. HP: 35/38 MP: 5/5
  1356 | D:2      | Reached ** piety under Lugonu
  1735 | D:2      | Gained mutation: Your mind is acute. (Int +2) [potion of
                  | mutation]
  1735 | D:2      | Gained mutation: Your spells are a little harder to cast,
                  | but a little more powerful. [potion of mutation]
  2446 | D:3      | Reached XP level 5. HP: 43/43 MP: 6/6
  2806 | D:3      | Found an ancient bone altar of Kikubaaqudgha.
  3585 | D:4      | Reached skill level 3 in Polearms
  3733 | D:4      | Reached XP level 6. HP: 33/49 MP: 7/7
  3965 | D:4      | Reached skill level 4 in Polearms
  4252 | D:4      | Found a shimmering altar of Xom.
  4396 | D:5      | Entered Level 5 of the Dungeon
  4595 | D:5      | Reached XP level 7. HP: 55/55 MP: 8/8
  4624 | D:5      | Got a fabulously ornate robe
  4635 | D:5      | Identified the +0 robe of Charity {+Blink +Inv MR- Dex+5}
                  | (You found it on level 5 of the Dungeon)
  4707 | D:5      | Learned a level 2 spell: Call Imp
  4791 | D:5      | Found an iron altar of Okawaru.
  4894 | D:5      | Reached skill level 5 in Polearms
  4993 | D:6      | Found a hide-covered altar of Uskayaw.
  5008 | D:6      | Found a basalt altar of Yredelemnul.
  5038 | D:6      | Noticed Pikel
  5056 | D:6      | Shot with an arrow by a centaur

Skill      XL: |  1  2  3  4  5  6  7 |
---------------+----------------------+-----
Fighting       | 4 |  4.8
Stealth        | 1 2 |  2.5
Dodging        | 1 |  1.7
Armour         | 3 |  3.9
Polearms       | 3 4 5 |  5.4
Invocations    | |  2.1

Action                   |  1- 3 |  4- 6 |  7- 9 || total
-------------------------+-------+-------+-------++-------
Melee: Spear             |   115 |   287 |    45 ||   447
Invok: Depart the Abyss  |     1 |       |       ||     1
 Abil: Dig               |       |     1 |       ||     1
  Use: Scroll            |       |     5 |       ||     5
       Potion            |       |     5 |       ||     5
 Stab: Sleeping          |     8 |     4 |       ||    12
  Eat: Chunk             |     1 |     6 |     2 ||     9
       Ration            |       |     1 |       ||     1
Armor: Leather armour    |    16 |       |       ||    16
       Ring mail         |    16 |    23 |       ||    39
       Chain mail        |       |   130 |       ||   130
       Robe              |       |       |    11 ||    11
Dodge: Dodged            |    47 |    93 |    19 ||   159
